 Dungeon Crawl Stone Soup version 0.13.0-7-g3df9ff1 (webtiles) character file.

909676 Czerbonog the Invulnerable (level 27, -17/192 HPs)
             Began as a Gargoyle Fighter on Oct 7, 2013.
             Was the Champion of the Shining One.
             Killed from afar by a Hell Sentinel (40 damage)
             ... with a blast of hellfire
             ... in Pandemonium on Oct 16, 2013.
             The game lasted 13:53:32 (122627 turns).

Czerbonog the Invulnerable (Gargoyle Fighter)     Turns: 122627, Time: 13:53:32

HP -17/192       AC 70     Str 29      XL: 27
MP  37/41        EV 11     Int 17      God: the Shining One [******]
Gold 8811        SH  0     Dex  8 (9)  Spells:  9 memorised, 21 levels left

Res.Fire  : + + +   See Invis. : .   D - +9,+8 Blessed Scourge
Res.Cold  : + + .   Warding    : .   G - +12 gold dragon armour
Life Prot.: + + +   Conserve   : .   (no shield)
Res.Poison: +       Res.Corr.  : .   T - +2 helmet of Truagul {Str+4}
Res.Elec. : +       Clarity    : .   v - +0 cloak of Starlight {rElec rC+ EV+4 Stlth-}
Sust.Abil.: + .     Spirit.Shd : .   V - +2 pair of gloves {rF+}
Res.Mut.  : +       Stasis     : .   (no boots)
Res.Rott. : +       Flight     : +   z - amulet of resist mutation
Saprovore : . . .                    N - ring of sustain abilities
                                     t - ring "Ejyfe" {rPois rF+ Stlth+}

@: about to teleport, flying, glowing, quite resistant to hostile enchantments,
extremely unstealthy
A: large and strong wings, fangs 1, talons 2, berserk 1, deterioration 1, life
protection 1, electricity resistance, slow metabolism 1, unbreathing,
petrification resistance, AC +20
a: Stop Flying, Divine Shield, Cleansing Flame, Summon Divine Warrior, Renounce
Religion
}: 8/15 runes: serpentine, barnacled, slimy, silver, abyssal, demonic, magical,
dark


You were in Pandemonium.
You worshipped the Shining One. the Shining One was exalted by your worship.
You were hungry.

You visited 13 branches of the dungeon, and saw 76 of its levels.
You visited Pandemonium 1 time, and saw 17 of its levels.
You visited the Abyss 5 times.
You visited 1 bazaar.
You also visited: Bailey and Volcano.

You collected 12357 gold pieces.
You spent 3566 gold pieces at shops.

Inventory:

Hand weapons
 D - a +9,+8 Blessed Scourge (weapon)
 J - the +5,+8 whip of Change {flame, Noisy +Blink rElec rF+}
   (You found it on level 5 of the Vaults)

   It emits flame when wielded, causing extra injury to most foes and up to
   double damage against particularly susceptible opponents.
   It protects you from fire.
   It insulates you from electricity.
   It lets you blink.
   It makes noises.
Armour
 a - a +1 large shield of reflection
 m - the +0 pair of gloves of the Nexus {Str+3 Dex+5}
   (You found it on level 6 of the Pits of Slime)

   It affects your strength (+3).
   It affects your dexterity (+5).
 v - the +0 cloak of Starlight (worn) {rElec rC+ EV+4 Stlth-}
   (You acquired it on level 4 of the Realm of Zot)

   It affects your evasion (+4).
   It protects you from cold.
   It insulates you from electricity.
   It makes you much less stealthy.
 G - a +12 gold dragon armour (worn)
 M - a +2 shield of protection
 T - the +2 helmet of Truagul (worn) {Str+4}
   (Okawaru gifted it to you on level 15 of the Dungeon)

   It affects your strength (+4).
 V - a +2 pair of gloves of fire resistance (worn)
Magical devices
 c - a wand of digging (13)
 n - a wand of heal wounds (2)
 o - a wand of fireball (5)
 s - a wand of digging (9)
 x - a wand of lightning (4)
 R - a wand of teleportation (4)
Comestibles
 u - 3 chokos
 I - a lychee
 K - 12 sultanas
 O - 13 grapes
 U - 2 apples
 X - 8 meat rations
 Y - 11 bread rations
Scrolls
 k - a scroll of silence
 Z - a scroll of identify
Jewellery
 d - the ring of Suspected Treachery {rC+ EV+1}
   (You acquired it on level 1 of the Lair of Beasts)

   [ring of evasion]

   It affects your evasion (+1).
   It protects you from cold.
 i - an uncursed amulet of conservation
 j - an uncursed ring of teleportation
 p - an uncursed ring of protection from magic
 q - the amulet "Thryapt" {Ward Dex+4 Int+4}
   (You bought it in a shop on level 4 of the Orcish Mines)

   [amulet of warding]

   It affects your intelligence (+4).
   It affects your dexterity (+4).
 r - an uncursed ring of see invisible
 t - the ring "Ejyfe" (left hand) {rPois rF+ Stlth+}
   (You found it on level 3 of the Elven Halls)

   [ring of poison resistance]

   It protects you from fire.
   It makes you much more stealthy.
 w - an uncursed ring of fire
 y - an uncursed ring of ice {unknown}
 z - an amulet of resist mutation (around neck)
 C - an uncursed amulet of clarity
 E - an uncursed amulet of resist corrosion
 H - an uncursed amulet of stasis
 N - a ring of sustain abilities (right hand)
Potions
 b - 5 potions of restore abilities
 f - 4 potions of berserk rage
 g - 11 potions of curing
 h - 2 potions of agility
 l - 2 potions of might
 A - a potion of resistance
 F - 2 potions of porridge
Books
 B - a book of the Warp

   Spells                             Type                      Level
   Recall                             Summoning/Translocation      3
   *Control Teleport                  Charms/Translocation         4
   Phase Shift                        Translocation                5
   Warp Weapon                        Charms/Translocation         5
   Dispersal                          Translocation                6
   Controlled Blink                   Translocation                7
   Disjunction                        Translocation                8
 Q - a book of Enchantments

   Spells                             Type                      Level
   Cause Fear                         Hexes                        4
   *Silence                           Hexes/Air                    5
   Tukima's Dance                     Hexes                        5
   *Deflect Missiles                  Charms/Air                   6
   *Haste                             Charms                       6
   Discord                            Hexes                        8


   Skills:
 - Level 23.5 Fighting
 - Level 19.6 Maces & Flails
 O Level 27 Armour
 - Level 14.0 Dodging
 - Level 3.2 Shields
 - Level 6.1 Unarmed Combat
 - Level 12.6 Spellcasting
 * Level 15.7 Hexes
 - Level 20.3 Charms
 - Level 11.0 Translocations
 * Level 15.0 Air Magic
 - Level 13.2 Invocations


You had 21 spell levels left.
You knew the following spells:

 Your Spells              Type           Power        Failure   Level  Hunger
a - Apportation           Tloc           #####.....   1%          1    None
b - Summon Butterflies    Summ           ##......     78%         1    None
c - Blink                 Tloc           N/A          1%          2    None
d - Repel Missiles        Chrm/Air       ######....   1%          2    None
e - Regeneration          Chrm/Necr      #####.....   4%          3    None
f - Haste                 Chrm           ######..     2%          6    ######.
g - Control Teleport      Chrm/Tloc      ######....   1%          4    ##.....
h - Silence               Hex/Air        ######....   3%          5    ####...
i - Deflect Missiles      Chrm/Air       ######....   10%         6    ######.


Dungeon Overview and Level Annotations

Branches:
Dungeon (27/27)            Temple (1/1) D:6             Orc (4/4) D:9
    Elf (3/3) Orc:3          Lair (8/8) D:12         Shoals (5/5) Lair:3
  Snake (5/5) Lair:4        Slime (6/6) Lair:7       Vaults (5/5) D:16
  Blade (1/1) Vaults:3      Crypt (5/5) Vaults:2       Tomb (0/3) Crypt:2
    Dis (0/7) Hell            Geh (0/7) Hell            Coc (0/7) Hell
    Tar (0/7) Hell            Zot (5/5) D:27

Altars:
Ashenzari
Cheibriados
Elyvilon
Fedhas
Kikubaaqudgha
Makhleb
Nemelex Xobeh
Okawaru
Sif Muna
Trog
Vehumet
Xom
Yredelemnul
Zin
the Shining One
Beogh

Shops:
D:4 *   D:5 *   D:6 *   D:9 (   D:11 %   D:13 }[[   Orc:4 *([=   Elf:2 *=
Elf:3 [   Shoals:4 =   Vaults:4 ?

Portals:
Hell: D:21 D:22 D:23 D:24 D:25 D:26 D:27
Abyss: D:25 D:27
Pandemonium: D:21 D:24 D:25

Annotations:
D:15 exclusion: Roxanne, Roxanne
D:26 exclusions: orange crystal statue and silver statue
Lair:3 Rupert
Snake:5 Frederick
Crypt:1 Khufu


Innate Abilities, Weirdness & Mutations

You are resistant to torment.
You are immune to poison.
You can fly continuously.
Your stone body is very resilient (AC +20).
Your wings are large and strong.
You have very sharp teeth.
You have razor-sharp toenails.
You resist negative energy.
You are resistant to electric shocks.
You have a slow metabolism.
You can survive without breathing.
You are immune to petrification.
You tend to lose your temper in combat.
Your body is slowly deteriorating.


Message History

Your angel hits the Hell Sentinel with a whip of holy wrath.
The Hell Sentinel convulses.
Your angel is struck by the Hell Sentinel's spines.
Your angel hits the Hell Sentinel with a whip of holy wrath!
The Hell Sentinel convulses.
Your angel completely misses the Hell Sentinel.
The Hell Sentinel gestures at you.
The hellfire explodes!
The blast of hellfire engulfs you!
* * * LOW HITPOINT WARNING * * *
The blast of hellfire engulfs your angel.
Your angel dies!
Drink which item? (? for menu, Esc to quit)
You feel much better.
A hellwing comes into view.
Read which item? (? for menu, Esc to quit)
As you read the scroll of teleportation, it crumbles to dust.
You feel strangely unstable. The Hell Sentinel gestures at you.
The hellfire explodes!
The blast of hellfire engulfs you!
You die...

#...#.#
.##...#.#######.#
..................1
#........#####.##..
4..................3.
..........#####.###.
..........#####.###...
.........1............
.........@#####.####..
..........# #
..................
.............###
................
...4..[........#
.∩............
............
...$......


You could see a Hell Sentinel and a hellwing.

Vanquished Creatures
  the royal jelly (Slime:6)
  Gloorx Vloq (Pan)
  7 orbs of fire
  Lom Lobon (Pan)
  6 ancient liches
  A greater mummy (Crypt:1)
  Saint Roka (Vaults:3)
  Sojobo (D:22)
  Margery (D:26)
  4 Killer Klowns (Zot:5)
  Lamia (Snake:2)
  Mara (D:21)
  Mennas (D:26)
  Geryon (Hell)
  10 golden dragons
  4 Brimstone Fiends
  3 curse toes (Zot:4)
  2 electric golems (Zot:5)
  Xtahua (D:21)
  7 bone dragons
  13 Ice Fiends
  6 pandemonium lords (Pan)
  17 tentacled monstrosities
  10 Hell Sentinels
  22 Orb Guardians (Zot:5)
  3 titans
  2 deep elf blademasters (Elf:3)
  15 storm dragons
  6 liches
  13 Shadow Fiends
  23 acid blobs
  3 krakens
  Polyphemus (Shoals:4)
  A daeva (Abyss:1)
  29 Executioners (Pan)
  4 ancient champions
  2 sphinxes
  Agnes (Vaults:1)
  18 tengu reavers
  Frances (Snake:4)
  11 shadow dragons
  2 revenants
  A draconian monk (Zot:2)
  Ilsuiw (Shoals:5)
  A ghost moth (Zot:4)
  9 azure jellies
  4 ghouls (Crypt:2)
  11 fire giants
  Donald (Elf:1)
  Wiglaf (D:21)
  Maud (D:15)
  10 vault wardens
  12 frost giants
  3 draconian scorchers
  Aizul (Snake:1)
  Louise (Vaults:3)
  7 tentacled starspawn
  16 deep elf sorcerers
  5 curse skulls
  3 draconian knights
  9 reapers
  A draconian zealot (Zot:5)
  9 balrugs
  Jorgrun (Vaults:4)
  3 cacodemons (Pan)
  3 draconian annihilators
  5 greater nagas (Snake:5)
  A draconian shifter (Zot:4)
  56 stone giants
  2 eidola (Crypt:2)
  4 draconian callers
  6 deep elf demonologists
  6 green draconians
  12 blizzard demons
  A white draconian (D:27)
  15 lorocyprocas
  4 vampire knights
  3 black draconians
  2 purple draconians
  5 red draconians
  3 yellow draconians
  7 green deaths (Pan)
  7 deep elf annihilators
  6 mottled draconians
  2 spriggan air magi (Pan)
  2 unborn
  7 pale draconians
  7 merfolk javelineers
  10 ettins
  Snorg (Snake:1)
  4 deep elf death magi
  8 merfolk impalers
  8 dragons
  2 sirens
  A mummy priest (Hell)
  8 jiangshi
  41 yaktaur captains
  5 death oozes (Slime:6)
  13 ironheart preservers
  A ravenous feature mimic (D:27)
  7 death cobs
  5 deep elf high priests
  10 great orbs of eyes
  Harold (Lair:3)
  14 hydras
  32 vault guards
  The ghost of 4tharraofdagon the Grappler, a powerful MiMo of Makhleb (Volcano)
  A merfolk aquamancer (Shoals:5)
  Nessos (Shoals:1)
  8 ice dragons
  25 dancing weapons
  10 ogre magi
  4 anacondas
  A spectral elf (Elf:3)
  Erica (D:15)
  2 alligator snapping turtles (Shoals:5)
  28 death yaks
  A spectral stone giant (Crypt:5)
  10 deep troll earth magi
  14 deep troll shamans
  A spectral frost giant (Crypt:5)
  Josephine (D:10)
  6 wretched stars
  14 naga warriors
  4 rakshasas
  4 vampire magi
  A draconian (shapeshifter) (D:21)
  8 thrashing horrors
  14 sun demons
  3 hell knights
  26 soul eaters
  12 very ugly things
  5 catoblepae
  17 deep elf knights
  4 orc high priests
  12 shadow wraiths
  A spectral ghost moth (Crypt:5)
  9 iron golems
  A fire crab (Vaults:1)
  10 shadow demons (Pan)
  8 iron trolls
  3 storm dragon skeletons
  17 death drakes
  3 spatial maelstroms (Abyss:1)
  20 unseen horrors
  14 flayed ghosts
  40 skeletal warriors
  38 centaur warriors
  8 sea snakes
  Erolcha (Orc:1)
  13 giant amoebae
  18 ice devils
  66 large abominations
  35 deep trolls
  A spectral anaconda (Crypt:5)
  15 starcursed masses
  2 harpies (shapeshifter)
  5 giant orange brains
  10 flaming corpses
  12 ironbrand convokers
  3 wizards (Pan)
  15 deep elf conjurers
  Pikel (D:4)
  A golden dragon skeleton (Zot:5)
  12 wolf spiders
  17 harpies
  2 lindwurms (shapeshifter)
  3 very ugly thing zombies
  A sphinx zombie (Crypt:5)
  25 hill giants
  A deathcap (Zot:3)
  12 shining eyes
  Joseph (Orc:1)
  6 hellions
  5 necromancers
  46 orc knights
  19 moths of wrath
  7 orc sorcerers
  2 fire giant zombies
  15 sixfirhies
  A frost giant zombie (Vaults:2)
  6 stone giant zombies
  A draconian zombie (Zot:5)
  An iron dragon skeleton (Crypt:4)
  A shadow dragon skeleton (Vaults:5)
  A shining eye (shapeshifter) (D:26)
  22 cyclopes
  4 griffons
  A guardian serpent (Abyss:2)
  A stone golem (D:17)
  9 fire giant skeletons
  A black mamba (shapeshifter) (D:17)
  3 red wasps
  8 phantasmal warriors
  6 elephants (Lair:6)
  3 apocalypse crabs
  3 frost giant skeletons
  A moth of wrath (shapeshifter) (D:25)
  A satyr zombie (Crypt:5)
  16 stone giant skeletons
  9 spiny worms
  44 orange demons
  10 deep elf summoners
  2 eyes of devastation
  20 black mambas
  2 guardian serpents (shapeshifter)
  53 smoke demons
  An ancient bear zombie (Crypt:1)
  8 spiny frogs
  6 humans (Volcano)
  18 vault sentinels
  A spectral polymoth (Crypt:5)
  6 tormentors
  A dire elephant skeleton (Crypt:5)
  A queen ant (shapeshifter) (Vaults:5)
  2 feature mimics
  17 demonic crawlers
  A yellow draconian zombie (Zot:5)
  A spectral faun (Crypt:5)
  7 fire drakes
  A mermaid (shapeshifter) (D:25)
  95 hellwings
  9 ancient zymes
  4 efreet
  18 mermaids
  A jumping spider (Vaults:3)
  A jumping spider (shapeshifter) (D:26)
  A death yak skeleton (Crypt:3)
  2 guardian mummies
  14 iron devils
  Grinder (D:4)
  10 deep elf priests
  A silent spectre (Abyss:2)
  17 hell beasts
  20 naga magi
  A wolf spider simulacrum (Vaults:1)
  94 yaktaurs
  27 red devils
  A spriggan (shapeshifter) (Vaults:4)
  4 iron troll skeletons
  A blink frog (shapeshifter) (Elf:3)
  4 blink frogs (Lair:4)
  5 wind drakes (D:27)
  2 polar bears
  18 blue devils
  8 komodo dragons
  7 trolls
  A polar bear (shapeshifter) (D:22)
  A demonic crawler zombie (Pan)
  15 two-headed ogres
  Prince Ribbit (Orc:1)
  9 snapping turtles
  10 wandering mushrooms (Zot:4)
  A slime creature (shapeshifter) (Vaults:4)
  3 bog bodies (Crypt:4)
  A snapping turtle (shapeshifter) (Vaults:4)
  A raven (shapeshifter) (D:15)
  A stone giant simulacrum (D:20)
  A fire vortex (Pan)
  13 boulder beetles
  4 ettin zombies
  A dragon zombie (Zot:4)
  2 griffon zombies
  2 ice dragon zombies (Hell)
  A hydra skeleton (D:13)
  8 shadows
  10 basilisks
  A fire giant simulacrum (Vaults:2)
  11 redbacks
  8 dragon skeletons (Crypt:5)
  4 air elementals (D:22)
  8 flying skulls
  8 octopodes (Shoals:2)
  A tarantella (shapeshifter) (Vaults:4)
  8 metal gargoyles (D:26)
  2 tarantellas
  A trapdoor spider (D:15)
  3 dryad skeletons
  An ice dragon skeleton (Zot:4)
  16 wraiths
  5 chaos spawn
  A guardian serpent skeleton (Abyss:1)
  23 brown oozes
  21 deep elf magi
  5 ettin skeletons
  A griffon skeleton (D:18)
  99 ugly things
  A frost giant simulacrum (Vaults:2)
  4 toenail golems
  5 elephant slugs
  5 water elementals (Crypt:3)
  A wind drake zombie (Crypt:4)
  9 vampires
  Eustachio (D:5)
  2 spiny worm zombies
  2 clay golems
  6 sharks
  2 hill giant zombies
  20 hippogriffs
  A hippogriff (shapeshifter) (Vaults:4)
  14 golden eyes
  A black mamba skeleton (Crypt:3)
  16 vampire mosquitoes
  41 ynoxinuls
  14 hungry ghosts
  114 slime creatures
  29 deep elf fighters
  2 steam dragons
  8 necrophages
  36 neqoxecs
  2 hill giant skeletons (D:14)
  A faun zombie (Crypt:5)
  50 merfolk
  A rock worm (shapeshifter) (D:15)
  5 rock worms
  A green draconian simulacrum (Abyss:2)
  60 yaks
  A deep troll zombie (Vaults:2)
  2 mottled dragons
  Grum (D:10)
  18 small abominations
  5 soldier ants
  7 wolves
  2 swamp drakes
  11 porcupines
  14 hell hounds
  A faun skeleton (Crypt:5)
  15 freezing wraiths
  62 orc warriors
  2 phantoms
  A spiny frog skeleton (Crypt:3)
  59 nagas
  A baby alligator skeleton (Crypt:4)
  49 ogres
  5 deep troll skeletons
  8 sky beasts
  A black bear (shapeshifter) (D:26)
  40 centaurs
  3 slaves (D:4)
  3 boring beetles
  2 giant goldfish (Lair:3)
  A naga (shapeshifter) (D:22)
  4 wyverns
  16 manticores
  A hog (shapeshifter) (Hell)
  15 rotting devils
  An ugly thing zombie (Hell)
  A fire crab zombie (Crypt:1)
  Sigmund (D:5)
  3 lost souls
  Duvessa (D:4)
  A boring beetle (shapeshifter) (Vaults:4)
  A vampire mosquito zombie (Hell)
  A lava worm (Hell)
  23 water moccasins
  2 brain worms
  A chimera zombie (Crypt:2)
  A hill giant simulacrum (D:16)
  9 giant slugs
  7 wargs
  6 yaktaur zombies
  Blork the orc (Orc:1)
  A cyclops zombie (D:15)
  7 agate snails
  5 yaktaur skeletons
  21 giant frogs
  A giant slug zombie (Crypt:5)
  A spectral rock worm (Crypt:5)
  3 big kobolds
  3 ice beasts
  A wyvern skeleton (Crypt:2)
  2 insubstantial wisps (D:9)
  3 yak zombies
  2 cyclops skeletons
  A troll zombie (D:15)
  7 crocodiles
  A manticore skeleton (D:11)
  3 boulder beetle zombies
  A polar bear zombie (Crypt:3)
  2 eyes of draining (shapeshifter)
  35 killer bees
  A giant goldfish zombie (Crypt:4)
  A hippogriff zombie (D:9)
  29 wights
  4 jellyfish (Hell)
  A yak skeleton (D:10)
  5 electric eels (Hell)
  9 iron imps
  A pulsating lump (shapeshifter) (D:25)
  2 giant frog zombies
  17 crimson imps
  46 orc priests
  A giant slug simulacrum (Crypt:1)
  Dowan (D:4)
  12 hounds
  7 lava snakes (Hell)
  5 goliath beetles
  31 jellies
  5 big fish (Lair:3)
  9 iguanas
  Crazy Yiuf (D:4)
  9 eyes of draining
  7 quasits
  A basilisk skeleton (D:15)
  54 orc wizards
  10 worker ants
  A cyclops simulacrum (D:17)
  2 giant frog skeletons
  A porcupine zombie (Crypt:3)
  11 orange rats
  A shapeshifter simulacrum (D:17)
  2 scorpions
  21 sheep
  2 killer bee zombies
  A felid skeleton (Crypt:1)
  A big kobold zombie (D:14)
  A demigod skeleton (Crypt:4)
  2 hound zombies (D:10)
  A tengu skeleton (Abyss:3)
  A basilisk simulacrum (D:16)
  A dwarf skeleton (Crypt:3)
  17 mummies
  A big kobold skeleton (D:15)
  A gnome skeleton (Crypt:1)
  2 spectral orange rats
  2 worker ant zombies
  6 ball pythons
  39 adders
  11 gnolls
  60 green rats
  19 lemures
  3 giant centipedes
  11 white imps
  A giant mite (Lair:2)
  10 shadow imps
  6 worms
  110 ufetubi
  An iguana skeleton (Crypt:2)
  2 scorpion zombies
  An adder skeleton (D:3)
  19 giant eyeballs
  10 giant geckos
  13 oozes
  253 orcs
  35 bats
  8 giant cockroaches
  29 goblins
  21 hobgoblins
  20 jackals
  10 quokkas
  A giant gecko zombie (D:7)
  10 giant newts
  2 giant spores
  A hobgoblin skeleton (D:8)
  10 illusory rakshasas
  43 kobolds
  A lava orc skeleton (Crypt:4)
  A lurking horror (Abyss:1)
  An orc skeleton (D:5)
  5 orc zombies
  A quokka zombie (D:8)
  25 rats
  A rat (shapeshifter) (Vaults:4)
  A spectral hobgoblin (Crypt:5)
  7 ballistomycetes
  2 fungi
  2 plants (D:3)
  5 starspawn tentacles
  10 tentacles
4601 creatures vanquished.

Vanquished Creatures (collateral kills)
  2 orbs of fire (Zot:5)
  2 Brimstone Fiends (Pan)
  3 pandemonium lords (Pan)
  3 Hell Sentinels (Pan)
  A Shadow Fiend (Pan)
  An Executioner (Pan)
  2 draconian annihilators (Pan)
  3 balrugs (Pan)
  3 deep elf annihilators (Pan)
  5 rakshasas (Pan)
  2 ice devils (Pan)
  A soul eater (Pan)
  A storm dragon skeleton (Pan)
  A large abomination (Pan)
  3 wizards (Pan)
  A frost giant skeleton (Pan)
  2 sixfirhies (Pan)
  4 smoke demons (Pan)
  7 hellwings (Pan)
  A red devil (Pan)
  2 ynoxinuls (Pan)
  A human zombie (Pan)
  A yaktaur skeleton (Pan)
  A crimson imp (Pan)
  A quasit (Pan)
  Ijyb (D:2)
  A shadow imp (Pan)
  7 ufetubi (Pan)
  A giant newt (D:2)
  A goblin (D:2)
  6 illusory rakshasas (Pan)
71 creatures vanquished.

Vanquished Creatures (others)
  A pandemonium lord (Pan)
  3 Orb Guardians (Zot:5)
  A storm dragon (Zot:5)
  A daeva (Pan)
  2 draconian monks (Zot:5)
  A fire giant (Crypt:4)
  A draconian knight (Zot:5)
  A draconian shifter (Zot:5)
  An angel (Pan)
  A draconian caller (Zot:5)
  3 pale draconians (Zot:5)
  A purple draconian (Zot:5)
  An ice dragon (Zot:5)
  A soul eater (Pan)
  A death drake (D:27)
  2 sixfirhies (Pan)
  A moth of wrath (Zot:5)
  2 pale draconian zombies (Zot:5)
  A small abomination (Elf:3)
  2 trolls (D:9)
  A deep elf priest (Elf:2)
  4 fire drakes
  A hellwing (Pan)
  An ancient bear skeleton (Crypt:5)
  A fire vortex (Pan)
  A chaos spawn (Pan)
  A dryad skeleton (Crypt:5)
  A wolf (D:16)
  3 deep elf fighters
  6 swamp drakes
  A mottled dragon (D:17)
  3 orc warriors
  14 lost souls
  A crocodile (D:9)
  A giant frog (D:9)
  A jellyfish (Hell)
  A crimson imp (Pan)
  A quasit (D:9)
  5 big fish (Zot:5)
  An orc priest (Orc:1)
  A hound (D:9)
  A giant centipede (D:9)
  An ufetubus (Pan)
  6 orcs
  A ball python (Snake:4)
  A bat (D:9)
  A giant spore (D:13)
  A kobold (D:9)
  4 lurking horrors
  A quokka (D:14)
  3 fungi
  12 plants
  15 starspawn tentacles
  112 starspawn tentacle segments
  17 tentacles
  487 tentacle segments
741 creatures vanquished.

Grand Total: 5413 creatures vanquished

Notes
Turn   | Place    | Note
--------------------------------------------------------------
     0 | D:1      | Czerbonog, the Gargoyle Fighter, began the quest for the Orb.
     0 | D:1      | Reached XP level 1. HP: 14/14 MP: 0/0
    79 | D:1      | Reached XP level 2. HP: 19/19 MP: 1/1
   571 | D:1      | Reached XP level 3. HP: 24/24 MP: 2/2
   849 | D:2      | Reached skill level 1 in Unarmed Combat
   938 | D:2      | Found a blossoming altar of Fedhas.
  1120 | D:2      | Noticed Ijyb
  1128 | D:2      | Killed Ijyb
  1129 | D:2      | Reached XP level 4. HP: 10/28 MP: 3/3
  1440 | D:2      | Found a burning altar of Makhleb.
  1448 | D:2      | Found a glowing silver altar of Zin.
  1449 | D:2      | Noticed a blizzard demon
  1449 | D:2      | Noticed an angel
  1944 | D:3      | Reached skill level 4 in Fighting
  2016 | D:3      | Reached XP level 5. HP: 33/33 MP: 4/4
  2693 | D:4      | Noticed a slave
  2714 | D:3      | Reached XP level 6. HP: 33/39 MP: 2/5
  2781 | D:4      | Killed a slave
  2876 | D:4      | Noticed an ogre
  2886 | D:4      | Killed an ogre
  2886 | D:4      | Reached skill level 5 in Unarmed Combat
  3022 | D:4      | Reached skill level 5 in Fighting
  3059 | D:4      | Noticed Dowan
  3061 | D:4      | Noticed Grinder
  3068 | D:5      | Entered Level 5 of the Dungeon
  3212 | D:5      | Found a shattered altar of Ashenzari.
  3232 | D:5      | Noticed Sigmund
  3263 | D:5      | Killed Sigmund
  3263 | D:5      | Reached skill level 6 in Unarmed Combat
  3263 | D:5      | Reached XP level 7. HP: 34/44 MP: 1/6
  3383 | D:5      | Noticed Eustachio
  3438 | D:5      | Killed Eustachio
  3505 | D:5      | Found Enoem's Assorted Antiques.
  3516 | D:5      | Paralysed by a giant eyeball for 2 turns
  3519 | D:5      | Paralysed by a giant eyeball for 2 turns
  3792 | D:5      | Reached skill level 5 in Maces & Flails
  3840 | D:5      | Reached XP level 8. HP: 23/50 MP: 7/7
  4318 | D:6      | Reached skill level 1 in Spellcasting
  4834 | D:6      | Found Plawni's Assorted Antiques.
  4856 | D:6      | Found a staircase to the Ecumenical Temple.
  4878 | Temple   | Entered the Ecumenical Temple
  5137 | D:6      | Found a deep blue altar of Sif Muna.
  5362 | D:6      | Reached skill level 7 in Maces & Flails
  5385 | D:6      | Reached XP level 9. HP: 52/55 MP: 13/16
  5663 | D:4      | Killed Dowan
  5727 | D:4      | Noticed a slave
  5728 | D:4      | Noticed Pikel
  5728 | D:4      | Noticed a slave
  5729 | D:4      | Noticed a slave
  5744 | D:4      | Killed a slave
  5746 | D:4      | a slave (ally) was killed
  5757 | D:4      | Paralysed by a giant eyeball for 3 turns
  5761 | D:4      | Killed Pikel
  5761 | D:4      | Reached skill level 8 in Maces & Flails
  5913 | D:4      | Noticed Duvessa
  5918 | D:4      | Paralysed by Grinder for 3 turns
  5927 | D:4      | Killed Duvessa
  5936 | D:4      | Killed Grinder
  5936 | D:4      | Reached skill level 5 in Spellcasting
  6125 | D:4      | Found Ukaurr's Assorted Antiques.
  6295 | D:4      | Noticed Crazy Yiuf
  6299 | D:4      | Killed Crazy Yiuf
  6579 | D:7      | Found a radiant altar of Vehumet.
  6744 | D:7      | Found a glowing golden altar of the Shining One.
  7181 | D:7      | Reached skill level 5 in Armour
  7181 | D:7      | Reached XP level 10. HP: 47/62 MP: 16/20
  7412 | D:8      | Reached skill level 9 in Maces & Flails
  7954 | D:8      | Found a sparkling altar of Nemelex Xobeh.
  8206 | D:9      | Found an iron altar of Okawaru.
  8210 | D:9      | Became a worshipper of Warmaster Okawaru
  8353 | D:9      | Found a staircase to the Orcish Mines.
  8501 | D:9      | Acquired Okawaru's first power
  8534 | D:9      | Reached skill level 10 in Maces & Flails
  8799 | D:9      | Found a shimmering altar of Xom.
  8852 | D:9      | Found Phitroecki's Antique Weapon Shoppe.
  8857 | D:9      | Bought a runed orcish mace for 57 gold pieces
  8974 | D:9      | Reached XP level 11. HP: 68/68 MP: 21/21
  9037 | D:9      | Found a roughly hewn altar of Beogh.
  9165 | D:10     | Entered Level 10 of the Dungeon
  9255 | D:10     | Noticed Josephine
  9274 | D:10     | Killed Josephine
  9785 | D:10     | Noticed Grum
  9804 | D:10     | Killed Grum
  9880 | D:11     | Upgraded the game from 0.13-b1-33-g94b2e5f to 0.13-b1-41-gf166b9b
  9961 | D:11     | Reached skill level 11 in Maces & Flails
 10034 | D:11     | Reached skill level 10 in Fighting
 10088 | D:11     | Noticed a centaur warrior
 10113 | D:11     | Killed a centaur warrior
 10200 | D:11     | Noticed a hill giant
 10206 | D:11     | Killed a hill giant
 10324 | D:11     | Noticed a hill giant
 10333 | D:11     | Killed a hill giant
 10333 | D:11     | Reached skill level 10 in Armour
 10616 | D:11     | Acquired Okawaru's second power
 11003 | D:11     | Found Pleveq's Food Boutique.
 11208 | D:11     | Noticed a hill giant
 11219 | D:11     | Killed a hill giant
 11393 | D:11     | Noticed a hill giant
 11400 | D:11     | Killed a hill giant
 11400 | D:11     | Reached skill level 12 in Maces & Flails
 11594 | D:11     | Reached XP level 12. HP: 66/75 MP: 22/22
 11912 | D:12     | Found a staircase to the Lair.
 12125 | D:12     | Received a gift from Okawaru
 12291 | D:12     | Paralysed by a potion of paralysis for 7 turns
 13292 | Lair:1   | Entered Level 1 of the Lair of Beasts
 13777 | Lair:1   | Reached skill level 13 in Maces & Flails
 14045 | Lair:1   | Upgraded the game from 0.13-b1-41-gf166b9b to 0.13-b1-45-g38f3f9b
 14184 | Lair:2   | Noticed an eight-headed hydra
 14191 | Lair:2   | Killed an eight-headed hydra
 14408 | Lair:2   | Gained mutation: You are robust (+10% HP). [potion of mutation]
 14408 | Lair:2   | Gained mutation: You are agile. (Dex +2) [potion of mutation]
 15075 | Lair:3   | Reached skill level 1 in Invocations
 15164 | Lair:3   | Noticed Harold
 15166 | Lair:3   | Noticed a four-headed hydra
 15185 | Lair:3   | Killed a four-headed hydra
 15193 | Lair:3   | Killed Harold
 15540 | Lair:3   | Found a staircase to the Shoals.
 15565 | Lair:3   | Reached XP level 13. HP: 79/89 MP: 24/24
 15901 | Lair:3   | Noticed a four-headed hydra
 15908 | Lair:3   | Killed a four-headed hydra
 15910 | Lair:3   | Received a gift from Okawaru
 16095 | Lair:3   | Found a dark tunnel.
 16108 | Volcano  | Entered a volcano
 16108 | Volcano  | Noticed 4tharraofdagon's ghost (powerful MiMo)
 16145 | Volcano  | Reached skill level 5 in Invocations
 16175 | Volcano  | Killed 4tharraofdagon's ghost
 16603 | Lair:3   | Noticed Rupert
 16622 | Lair:3   | Paralysed by Rupert for 7 turns
 16635 | Lair:3   | HP: 1/90 [Rupert/runed great sword (21)]
 16920 | Lair:4   | Received a gift from Okawaru
 17140 | Lair:4   | Found a staircase to the Snake Pit.
 17951 | Lair:5   | Received a gift from Okawaru
 17954 | Lair:5   | Got a sapphire-encrusted swamp dragon armour {god gift}
 17969 | Lair:5   | Identified the -1 swamp dragon armour of the Hidden Dances {rPois Dex-1 Curse} (Okawaru gifted it to you on level 5 of the Lair of Beasts)
 18304 | Lair:6   | Reached skill level 14 in Maces & Flails
 18469 | Lair:6   | Gained mutation: Your wings are large and strong. [gargoyle growth]
 18469 | Lair:6   | Reached XP level 14. HP: 81/96 MP: 25/25
 19785 | Lair:7   | Found a staircase to the Slime Pits.
 20090 | Lair:7   | Received a gift from Okawaru
 20093 | Lair:7   | Got a shimmering spear {god gift}
 20230 | Lair:7   | Identified the +6,+8 spear of the Forest {drain, rC+ Stlth+} (Okawaru gifted it to you on level 7 of the Lair of Beasts)
 20324 | Lair:7   | Reached skill level 1 in Dodging
 20633 | Lair:8   | Entered Level 8 of the Lair of Beasts
 20776 | Lair:8   | Reached skill level 15 in Maces & Flails
 20782 | Lair:8   | Received a gift from Okawaru
 21097 | Lair:8   | Received a gift from Okawaru
 22141 | Lair:8   | Got an ebony sabre
 22602 | Orc:1    | Entered Level 1 of the Orcish Mines
 22909 | Orc:1    | Noticed Prince Ribbit
 22923 | Orc:1    | Killed Prince Ribbit
 22934 | Orc:1    | Noticed Blork the orc
 22934 | Orc:1    | Noticed Erolcha
 22947 | Orc:1    | Killed Blork the orc
 22948 | Orc:1    | Cast into the Abyss (Erolcha)
 23009 | Orc:1    | Escaped the Abyss
 23039 | Orc:1    | Killed Erolcha
 23039 | Orc:1    | Reached XP level 15. HP: 67/105 MP: 23/25
 23416 | Orc:1    | Noticed Joseph
 23428 | Orc:1    | Killed Joseph
 23837 | Orc:2    | Found an iron altar of Okawaru.
 24183 | Orc:2    | Reached skill level 5 in Dodging
 24624 | Orc:3    | Found a staircase to the Elven Halls.
 24699 | Orc:3    | Found a roughly hewn altar of Beogh.
 24984 | Orc:4    | Entered Level 4 of the Orcish Mines
 25454 | Orc:4    | Reached skill level 16 in Maces & Flails
 26258 | Orc:4    | Received a gift from Okawaru
 26616 | Orc:4    | Found Tankow's Armour Shop.
 26617 | Orc:4    | Found Smexup's Jewellery Shoppe.
 26620 | Orc:4    | Found Tojarcho's Assorted Antiques.
 26620 | Orc:4    | Found Omemi's Weapon Shoppe.
 26635 | Orc:4    | Bought the amulet "Thryapt" {Ward Dex+4 Int+4} for 556 gold pieces
 26650 | Orc:4    | Bought an uncursed ring of see invisible for 150 gold pieces
 26923 | D:13     | Found Vazi's Armour Emporium.
 27205 | D:13     | Found Ecegaitt's Armour Boutique.
 27364 | D:13     | Found Orerawah's Gadget Boutique.
 27867 | D:14     | Entered Level 14 of the Dungeon
 28695 | D:14     | Found a white marble altar of Elyvilon.
 28944 | D:15     | Entered Level 15 of the Dungeon
 28980 | D:15     | Reached skill level 17 in Maces & Flails
 29239 | D:15     | Noticed Roxanne
 29320 | D:15     | Received a gift from Okawaru
 29341 | D:15     | Got a shimmering helmet {god gift}
 29345 | D:15     | Identified the +2 helmet of Truagul {Str+4} (Okawaru gifted it to you on level 15 of the Dungeon)
 29373 | D:15     | Noticed Maud
 29384 | D:15     | Killed Maud
 29414 | D:15     | Noticed Erica
 29425 | D:15     | Killed Erica
 29506 | D:15     | Found a flagged portal.
 29516 | Bailey   | Entered a bailey
 29546 | Bailey   | Reached XP level 16. HP: 113/113 MP: 23/26
 30556 | D:16     | Found a staircase to the Vaults.
 31323 | D:17     | Reached skill level 15 in Fighting
 32777 | D:18     | Got an iridescent flail
 32778 | D:18     | Identified the cursed +12,+7 flail of Zualiju {crush, rElec Dex-1} (You found it on level 18 of the Dungeon)
 33209 | Orc:4    | Bought a +2 buckler of reflection for 447 gold pieces
 33590 | Snake:1  | Entered Level 1 of the Snake Pit
 33655 | Snake:1  | Got a pair of smoking gloves
 33659 | Snake:1  | Identified the +0 pair of gloves "Buxut" {Dex+4 Int+3 Curse} (You found it on level 1 of the Snake Pit)
 33763 | Snake:1  | Found a bloodstained altar of Trog.
 33913 | Snake:1  | Got a smoking ring mail
 33914 | Snake:1  | Identified the -2 ring mail of Wasted Space {Str+3 Dam-3} (You found it on level 1 of the Snake Pit)
 33963 | Snake:1  | Noticed Aizul
 33984 | Snake:1  | Killed Aizul
 34176 | Snake:1  | Noticed Snorg
 34196 | Snake:1  | Killed Snorg
 34450 | Snake:2  | Noticed Lamia
 34472 | Snake:2  | Killed Lamia
 34472 | Snake:2  | Reached skill level 18 in Maces & Flails
 34472 | Snake:2  | Reached skill level 10 in Dodging
 34472 | Snake:2  | Reached XP level 17. HP: 82/121 MP: 21/27
 36016 | Snake:4  | Found a bloodstained altar of Trog.
 36204 | Snake:4  | Noticed Frances
 36217 | Snake:4  | Killed Frances
 36431 | Snake:5  | Entered Level 5 of the Snake Pit
 36546 | Snake:5  | Noticed Frederick
 37128 | Snake:5  | Got a serpentine rune of Zot
 37171 | Snake:4  | Upgraded the game from 0.13-b1-45-g38f3f9b to 0.13-b1-54-gfe00c74
 37457 | Shoals:1 | Entered Level 1 of the Shoals
 37481 | Shoals:1 | Noticed Nessos
 37503 | Shoals:1 | Killed Nessos
 38970 | Shoals:3 | Received a gift from Okawaru
 39084 | Shoals:3 | Reached XP level 18. HP: 120/132 MP: 28/28
 40281 | Shoals:4 | Noticed Polyphemus
 40315 | Shoals:4 | Killed Polyphemus
 40373 | Shoals:4 | Found Smexup's Jewellery Shoppe.
 40387 | Shoals:4 | Bought an uncursed amulet of clarity for 360 gold pieces
 41278 | Shoals:5 | Entered Level 5 of the Shoals
 41291 | Shoals:5 | Noticed Ilsuiw
 41342 | Shoals:5 | Killed Ilsuiw
 41856 | Shoals:5 | Got a smoking scale mail
 41862 | Shoals:5 | Identified the +1 scale mail "Criesiywn" {rC+ SInv} (You found it on level 5 of the Shoals)
 42369 | Shoals:5 | Got a barnacled rune of Zot
 43481 | Lair:1   | Learned a level 1 spell: Apportation
 43483 | Lair:1   | Learned a level 1 spell: Summon Butterflies
 43486 | Lair:1   | Learned a level 2 spell: Blink
 43510 | Lair:1   | Identified a scroll of acquirement
 43513 | Lair:1   | Got a sparkling platinum ring
 43514 | Lair:1   | Identified the ring of Suspected Treachery {rC+ EV+1} (You acquired it on level 1 of the Lair of Beasts)
 43741 | Vaults:1 | Entered Level 1 of the Vaults
 44251 | Vaults:1 | Reached XP level 19. HP: 140/140 MP: 29/29
 44287 | Vaults:1 | Noticed Agnes
 44296 | Vaults:1 | Killed Agnes
 44682 | Vaults:1 | Received a gift from Okawaru
 44903 | Vaults:1 | Reached skill level 15 in Armour
 45204 | Vaults:1 | Reached skill level 1 in Translocations
 45526 | Vaults:2 | Upgraded the game from 0.13-b1-54-gfe00c74 to 0.13.0
 47861 | Vaults:2 | Found a staircase to the Crypt.
 47962 | Vaults:2 | Reached skill level 5 in Translocations
 48452 | Vaults:2 | Reached skill level 19 in Fighting
 48462 | Vaults:2 | Reached XP level 20. HP: 76/149 MP: 29/29
 48703 | Vaults:2 | Got a warped dagger
 48727 | Vaults:2 | Identified the +11,+7 dagger "Seugiggu" {holy, rC+} (You found it on level 2 of the Vaults)
 48744 | Vaults:3 | Noticed Louise
 48775 | Vaults:3 | Killed Louise
 48777 | Vaults:3 | Received a gift from Okawaru
 49603 | Vaults:3 | Found an iron altar of Okawaru.
 49607 | Vaults:3 | Found a staircase to the Hall of Blades.
 49970 | Vaults:3 | Noticed Saint Roka
 49995 | Vaults:3 | Killed Saint Roka
 51299 | Vaults:4 | Received a gift from Okawaru
 51485 | Vaults:4 | Noticed Jorgrun
 51518 | Vaults:4 | Killed Jorgrun
 52322 | Vaults:4 | Reached XP level 21. HP: 103/157 MP: 30/30
 52372 | Vaults:4 | Received a gift from Okawaru
 53243 | Vaults:4 | Found Urghiedeoc's Magic Scroll Boutique.
 53253 | Vaults:4 | Bought a scroll of silence for 135 gold pieces
 53253 | Vaults:4 | Bought a scroll of acquirement for 936 gold pieces
 53253 | Vaults:4 | Bought a scroll of identify for 36 gold pieces
 53253 | Vaults:4 | Bought a scroll of teleportation for 54 gold pieces
 53253 | Vaults:4 | Bought a scroll of identify for 36 gold pieces
 53315 | Vaults:4 | Got a crystal crossbow
 53317 | Vaults:4 | Identified the crossbow "Cred Nul" {frost, rElec} (You found it on level 4 of the Vaults)
 53367 | Vaults:5 | Entered Level 5 of the Vaults
 53378 | Vaults:4 | Reached skill level 10 in Translocations
 54812 | Vaults:4 | Learned a level 2 spell: Repel Missiles
 54816 | Vaults:4 | Learned a level 3 spell: Regeneration
 54960 | Vaults:4 | Reached skill level 20 in Fighting
 55339 | Vaults:5 | Cast into the Abyss (deep elf sorcerer)
 55425 | Abyss:1  | Gained mutation: You occasionally shout uncontrollably. [a neqoxec]
 55644 | Abyss:2  | Identified the Catalogue of Nocuous Battle Magic (You found it on level 2 of the Abyss)
 55939 | Vaults:5 | Escaped the Abyss
 56550 | D:19     | Reached XP level 22. HP: 153/166 MP: 31/31
 56593 | D:19     | Reached skill level 1 in Charms
 57643 | D:20     | Entered Level 20 of the Dungeon
 58973 | D:21     | Noticed Mara
 58982 | D:20     | Received a gift from Okawaru
 59016 | D:21     | Noticed Xtahua
 59093 | D:21     | Noticed Wiglaf
 59093 | D:21     | Killed Xtahua
 59115 | D:21     | Killed Wiglaf
 59126 | D:21     | Found a gateway to Hell.
 59263 | D:21     | Noticed Czerbonog's illusion
 59969 | Blade    | Entered the Hall of Blades
 60024 | Blade    | Reached skill level 5 in Charms
 60256 | Blade    | Cast into the Abyss (double sword of distortion)
 60347 | Abyss:1  | Got a transparent helmet
 60348 | Abyss:1  | Identified the cursed +2 helmet of Death Resistance {Str+2 Dex+3} (You found it on level 1 of the Abyss)
 60761 | Abyss:1  | Noticed an ancient lich
 61097 | Abyss:2  | Got a jewelled flail
 61318 | Blade    | Escaped the Abyss
 61408 | Vaults:3 | Identified the +0,+1 flail "Riyjoyryi" {pain, rF+ Int+4 SInv} (You found it on level 2 of the Abyss)
 61485 | Vaults:4 | Reached XP level 23. HP: 160/173 MP: 31/31
 61619 | Vaults:5 | Cast into the Abyss (deep elf sorcerer)
 62375 | Abyss:2  | Found a corrupted altar of Lugonu.
 62678 | Vaults:5 | Escaped the Abyss
 62870 | Vaults:4 | Reached skill level 21 in Armour
 63150 | Vaults:5 | Got an uncursed shimmering trident
 63297 | Vaults:5 | Got a silver rune of Zot
 63304 | Vaults:5 | Got a crude whip
 63307 | Vaults:5 | Identified the +5,+8 whip of Change {flame, Noisy +Blink rElec rF+} (You found it on level 5 of the Vaults)
 63918 | Vaults:5 | Got a bloodstained shield
 63926 | Vaults:5 | Identified the cursed -5 shield "Frasimn" {Str+3 Int+2} (You found it on level 5 of the Vaults)
 63927 | Vaults:5 | Identified the +8,+7 trident "Nuely" {slay drac, rPois} (You took it off a yaktaur on level 5 of the Vaults)
 64161 | Vaults:5 | Got a pitted ice dragon armour
 64175 | Vaults:5 | Identified the +7 ice dragon armour of Gioseyja {rF- rC++ Str+2 Dex-3 Curse} (You found it on level 5 of the Vaults)
 64206 | Vaults:5 | Identified the Collected Works on Flamy Transmutation
 64257 | Vaults:5 | Got a faintly glowing long sword
 64303 | Vaults:5 | Identified the +0,+8 long sword "Zeerapn Deyff" {freeze, rPois Int+2} (You found it on level 5 of the Vaults)
 64899 | Lair:1   | Learned a level 6 spell: Haste
 65177 | D:21     | Found a one-way gate leading to the halls of Pandemonium.
 65199 | D:21     | Killed Mara
 65827 | D:22     | Noticed Sojobo
 65837 | D:22     | Reached skill level 1 in Air Magic
 65862 | D:22     | Killed Sojobo
 66205 | D:22     | Received a gift from Okawaru
 67420 | D:23     | Reached XP level 24. HP: 182/182 MP: 32/32
 68199 | D:24     | Reached skill level 5 in Air Magic
 68279 | D:24     | Reached skill level 22 in Armour
 68940 | D:25     | Entered Level 25 of the Dungeon
 69473 | D:25     | Upgraded the game from 0.13.0 to 0.13.0-3-g966e3ec
 69754 | D:25     | Received a gift from Okawaru
 70864 | D:25     | Found a one-way gate to the infinite horrors of the Abyss.
 70930 | D:25     | Reached skill level 23 in Armour
 71052 | D:26     | Noticed Mennas
 71074 | D:26     | Killed Mennas
 71119 | D:26     | Noticed Margery
 71138 | D:26     | Killed Margery
 71796 | D:26     | Reached XP level 25. HP: 113/189 MP: 32/32
 72359 | D:27     | Entered Level 27 of the Dungeon
 72386 | D:27     | Reached skill level 24 in Armour
 72397 | D:27     | bronies4ever: caravan
 72411 | D:27     | Learned a level 4 spell: Control Teleport
 72478 | D:27     | Received a gift from Okawaru
 72608 | D:27     | Found a flickering gateway to a bazaar.
 72614 | Bazaar   | Entered a bazaar
 72614 | Bazaar   | Found Ufaixen's Book Shoppe.
 72740 | Bazaar   | Found Tacaf's Magic Scroll Shop.
 72751 | Bazaar   | Bought a scroll of teleportation for 48 gold pieces
 72753 | Bazaar   | Found Dicen's Armour Boutique.
 72769 | Bazaar   | Found Skassi's Weapon Emporium.
 72800 | Bazaar   | Found Asaptupo's Weapon Shoppe.
 73819 | D:27     | Reached skill level 25 in Armour
 74807 | D:7      | Fell from the grace of Okawaru
 74807 | D:7      | Became a worshipper of the Shining One
 75101 | Elf:1    | Entered Level 1 of the Elven Halls
 75456 | Elf:1    | Noticed Donald
 75511 | Elf:1    | Killed Donald
 76275 | Elf:2    | Found Ixialaux's Jewellery Boutique.
 76420 | Elf:2    | Found Prukkas' Assorted Antiques.
 76424 | Elf:2    | Bought 3 scrolls of teleportation for 207 gold pieces
 76424 | Elf:2    | Bought a scroll of teleportation for 69 gold pieces
 76825 | Elf:3    | Entered Level 3 of the Elven Halls
 76948 | Elf:3    | Found Yjuton's Armour Shoppe.
 77264 | Elf:3    | Acquired the Shining One's first power
 77872 | Elf:3    | Reached skill level 10 in Charms
 78068 | Elf:3    | Reached XP level 26. HP: 185/196 MP: 35/35
 79048 | Elf:3    | Acquired the Shining One's second power
 79117 | Elf:3    | Got a smelly steam dragon armour
 79192 | Elf:3    | Got a shimmering lapis lazuli ring
 79195 | Elf:3    | Identified the ring "Ejyfe" {rPois rF+ Stlth+} (You found it on level 3 of the Elven Halls)
 79205 | Elf:3    | Identified Roxanne's Almanac of Stones (You found it on level 3 of the Elven Halls)
 79312 | Elf:3    | Identified the +2 steam dragon armour of Koshour {+Inv} (You found it on level 3 of the Elven Halls)
 79336 | Elf:3    | Identified the Disquisition on Creative Transformation (You found it on level 3 of the Elven Halls)
 79683 | Lair:1   | Learned a level 5 spell: Silence
 79962 | Crypt:1  | Entered Level 1 of the Crypt
 80572 | Crypt:1  | Noticed a greater mummy
 80598 | Crypt:1  | Killed a greater mummy
 80843 | Crypt:1  | Noticed Khufu
 81607 | Crypt:2  | Found a staircase to the Tomb.
 81790 | Crypt:3  | Reached skill level 26 in Armour
 81952 | Crypt:3  | Acquired the Shining One's third power
 84522 | Crypt:5  | Entered Level 5 of the Crypt
 84590 | Crypt:5  | Acquired the Shining One's fourth power
 85461 | Crypt:5  | Found an ancient bone altar of Kikubaaqudgha.
 85784 | Crypt:5  | Noticed an ancient lich
 85824 | Crypt:5  | Killed an ancient lich
 85824 | Crypt:5  | Reached skill level 27 in Armour
 85824 | Crypt:5  | Reached skill level 1 in Hexes
 86736 | Crypt:5  | Identified Schaus' Catalogue of Displaced Transmigration
 87323 | Crypt:5  | Reached skill level 5 in Hexes
 88808 | Zot:1    | Entered Level 1 of the Realm of Zot
 88869 | Zot:1    | Upgraded the game from 0.13.0-3-g966e3ec to 0.13.0-5-g7e31f0a
 89090 | Zot:1    | Reached XP level 27. HP: 182/203 MP: 36/36
 89557 | Zot:2    | Got an ebony bow
 91018 | Zot:3    | Reached skill level 10 in Invocations
 91583 | Zot:4    | Noticed an ancient lich
 92623 | D:7      | Identified a +8,+8 Blessed Scourge (a +7,+8 demon whip of freezing blessed by the Shining One)
 92788 | Lair:1   | Gained mutation: You are partially covered in molten scales (AC +1). [potion of beneficial mutation]
 92834 | Lair:1   | Upgraded the game from 0.13.0-5-g7e31f0a to 0.13.0-6-g40e4d2d
 93419 | Zot:3    | Was forgiven by Okawaru
 93555 | Zot:4    | Killed an ancient lich
 93855 | Zot:4    | Noticed an ancient lich
 93860 | Zot:4    | Paralysed by an ancient lich for 5 turns
 93867 | Zot:4    | Killed an ancient lich
 94807 | Zot:5    | Entered Level 5 of the Realm of Zot
 95703 | Zot:5    | Noticed an orb of fire
 95956 | Zot:5    | Noticed an ancient lich
 95967 | Zot:5    | Paralysed by an ancient lich for 6 turns
 95976 | Zot:5    | Killed an ancient lich
 95976 | Zot:5    | Reached skill level 15 in Charms
 96701 | Zot:5    | Noticed an ancient lich
 97045 | Zot:5    | Killed an ancient lich
 97079 | Zot:5    | Noticed an orb of fire
 97114 | Zot:5    | Killed an orb of fire
 97354 | Zot:5    | Noticed an ancient lich
 97380 | Zot:5    | Paralysed by an ancient lich for 3 turns
 97387 | Zot:5    | Killed an ancient lich
 97694 | Zot:5    | Noticed an orb of fire
 97698 | Zot:5    | Lost mutation: You are robust (+10% HP). [an orb of fire]
 97730 | Zot:5    | Killed an orb of fire
 97857 | Zot:5    | Noticed an orb of fire
 97890 | Zot:5    | Killed an orb of fire
 98099 | Zot:5    | Noticed an orb of fire
 98119 | Zot:5    | Noticed an orb of fire
 98413 | Zot:5    | Killed an orb of fire
 98439 | Zot:5    | Killed an orb of fire
 99275 | Zot:5    | Noticed an orb of fire
 99400 | Zot:4    | Killed an orb of fire
 99908 | Zot:5    | Noticed an orb of fire
 99912 | Zot:5    | Noticed an orb of fire
 99914 | Zot:5    | Lost mutation: You are agile. (Dex +2) [an orb of fire]
 99933 | Zot:5    | Killed an orb of fire
 99936 | Zot:5    | Killed an orb of fire
100411 | Zot:5    | Noticed an orb of fire
100411 | Zot:5    | Gained mutation: Your magical capacity is low (-10% MP). [an orb of fire]
100442 | Zot:5    | Killed an orb of fire
100991 | Hell     | Entered the Vestibule of Hell
100991 | Hell     | Noticed Geryon
101145 | Hell     | Killed Geryon
101648 | Hell     | Found a gateway to the decaying netherworld of Tartarus.
101712 | Hell     | Found a gateway to the ashen valley of Gehenna.
101913 | Hell     | Found a gateway to the Iron City of Dis.
102447 | Lair:1   | Lost mutation: Your magical capacity is low (-10% MP). [potion of cure mutation]
102447 | Lair:1   | Lost mutation: You occasionally shout uncontrollably. [potion of cure mutation]
102447 | Lair:1   | Lost mutation: You are partially covered in molten scales (AC +1). [potion of cure mutation]
102787 | D:25     | Voluntarily entered the Abyss.
102806 | Abyss:1  | Paralysed by accursed screaming for 1 turns
102812 | Abyss:1  | Paralysed by accursed screaming for 1 turns
103223 | Abyss:3  | Found a corrupted altar of Lugonu.
103510 | Abyss:3  | Got an abyssal rune of Zot
103562 | Abyss:3  | Found a corrupted altar of Lugonu.
103587 | D:25     | Escaped the Abyss
104079 | Slime:1  | Entered Level 1 of the Pits of Slime
104123 | Slime:1  | Paralysed by a giant eyeball for 3 turns
104151 | Slime:1  | Paralysed by a giant eyeball for 3 turns
104159 | Slime:1  | Paralysed by a giant eyeball for 4 turns
104199 | Slime:1  | Paralysed by a great orb of eyes for 4 turns
105008 | Elf:2    | Bought an uncursed amulet of resist corrosion for 300 gold pieces
105143 | Orc:4    | Bought an uncursed amulet of stasis for 175 gold pieces
105461 | Slime:2  | Paralysed by a giant eyeball for 2 turns
105743 | Slime:1  | Paralysed by a giant eyeball for 2 turns
105748 | Slime:1  | Paralysed by a giant eyeball for 4 turns
106286 | Slime:3  | Paralysed by a giant eyeball for 2 turns
106391 | Slime:3  | Paralysed by a giant eyeball for 2 turns
106395 | Slime:3  | Paralysed by a giant eyeball for 3 turns
106875 | Slime:4  | Gained mutation: Your body is slowly deteriorating. [a shining eye]
106884 | Slime:4  | Paralysed by a giant eyeball for 3 turns
107314 | Slime:3  | Paralysed by a giant eyeball for 2 turns
108014 | Slime:5  | Reached skill level 10 in Spellcasting
109169 | Slime:6  | Entered Level 6 of the Pits of Slime
109239 | Slime:6  | Gained mutation: You tend to lose your temper in combat. [a shining eye]
109327 | Slime:6  | Paralysed by a giant eyeball for 2 turns
109436 | Slime:6  | Paralysed by a giant eyeball for 4 turns
109449 | Slime:6  | Paralysed by a giant eyeball for 3 turns
109583 | Slime:6  | Paralysed by a giant eyeball for 3 turns
109675 | Slime:6  | Noticed the royal jelly
109699 | Slime:6  | Killed the royal jelly
109892 | Slime:6  | Got a crystal eveningstar
109896 | Slime:6  | Identified the Tome of Harmful Contamination
109943 | Slime:6  | Identified the +8,+1 eveningstar of Termination {flame, rElec MR+} (You found it on level 6 of the Pits of Slime)
109956 | Slime:6  | Got a pair of brightly glowing gloves
109960 | Slime:6  | Identified the cursed +0 pair of gloves of the Nexus {Str+3 Dex+5} (You found it on level 6 of the Pits of Slime)
109987 | Slime:6  | Got a slimy rune of Zot
110036 | Slime:6  | Got an ichor-stained plate armour
110061 | Slime:6  | Identified the Handbook of Sinister Good Luck
110135 | Slime:6  | Identified Sif Muna's Disquisition on Floating Conjuration (You found it on level 6 of the Pits of Slime)
110168 | Slime:6  | Identified the +5 plate armour "Schyehoe" {rC+} (You found it on level 6 of the Pits of Slime)
110491 | Lair:1   | Drahbeg: hoarder
110742 | Pan      | Entered Pandemonium
111031 | Pan      | Noticed Xomeory the pandemonium lord
111037 | Pan      | Killed Xomeory the pandemonium lord
111421 | Pan      | Found an exit through the horrors of the Abyss.
111611 | Pan      | Found an exit through the horrors of the Abyss.
112116 | Pan      | Noticed Plaat the pandemonium lord
112170 | Pan      | Killed Plaat the pandemonium lord
112625 | Pan      | Noticed Teoggiob the pandemonium lord
112651 | Pan      | Killed Teoggiob the pandemonium lord
113638 | Pan      | Noticed Miti the pandemonium lord
113662 | Pan      | Killed Miti the pandemonium lord
113714 | Pan      | Learned a level 6 spell: Deflect Missiles
113787 | Pan      | Noticed Ocehetoe the pandemonium lord
113792 | Pan      | Reached skill level 10 in Air Magic
113816 | Pan      | Killed Ocehetoe the pandemonium lord
113977 | Pan      | Reached skill level 10 in Hexes
114556 | Pan      | Entered the realm of Lom Lobon.
114556 | Pan      | Noticed Lom Lobon
114579 | Pan      | Killed Lom Lobon
114624 | Pan      | Got a magical rune of Zot
114667 | Pan      | Upgraded the game from 0.13.0-6-g40e4d2d to 0.13.0-7-g3df9ff1
115335 | Pan      | Noticed 4tharraofdagon's ghost (mighty HaBe)
115385 | Pan      | Noticed Pinnuopt the pandemonium lord
115402 | Pan      | Killed Pinnuopt the pandemonium lord
115743 | Pan      | Got a demonic rune of Zot
116161 | Pan      | Found an exit through the horrors of the Abyss.
116876 | Pan      | Paralysed by a giant eyeball for 3 turns
118937 | Pan      | Noticed Qiug the pandemonium lord
118947 | Pan      | Killed Qiug the pandemonium lord
119153 | Pan      | Noticed Chaanke the pandemonium lord
119171 | Pan      | Killed Chaanke the pandemonium lord
120307 | Pan      | Noticed Skotu the pandemonium lord
120328 | Pan      | Killed Skotu the pandemonium lord
120574 | Pan      | Noticed Ukoexuitt the pandemonium lord
120605 | Pan      | Killed Ukoexuitt the pandemonium lord
120801 | Pan      | Found an exit through the horrors of the Abyss.
121061 | Pan      | Entered the realm of Gloorx Vloq.
121994 | Pan      | Reached skill level 15 in Hexes
122188 | Pan      | Noticed Gloorx Vloq
122210 | Pan      | Killed Gloorx Vloq
122247 | Pan      | Got a dark rune of Zot
122357 | Pan      | Paralysed by a giant eyeball for 4 turns
122447 | Pan      | Reached skill level 15 in Air Magic
122625 | Pan      | HP: 4/192 [Hell Sentinel/blast of hellfire (34)]
122627 | Pan      | Killed from afar by a Hell Sentinel

Action                   |  1- 3 |  4- 6 |  7- 9 | 10-12 | 13-15 | 16-18 | 19-21 | 22-24 | 25-27 || total
-------------------------+-------+-------+-------+-------+-------+-------+-------+-------+-------++-------
Melee: Mace              |    73 |   264 |   219 |   429 |       |       |       |       |       ||   985
       Flail             |       |       |   262 |   306 |       |   679 |  2179 |   438 |       ||  3864
       Great mace        |       |       |       |   372 |  1537 |   775 |       |       |       ||  2684
       Morningstar       |       |       |       |       |       |   412 |    24 |       |  1694 ||  2130
       Demon whip        |       |       |       |       |       |       |       |  2275 |   517 ||  2792
       Whip              |       |       |       |       |       |       |       |       |  1009 ||  1009
       Sacred scourge    |       |       |       |       |       |       |       |       |  4371 ||  4371
 Cast: Repel Missiles    |       |       |       |       |       |       |     1 |       |     2 ||     3
       Haste             |       |       |       |       |       |       |       |       |    13 ||    13
       Deflect Missiles  |       |       |       |       |       |       |       |       |     1 ||     1
       Silence           |       |       |       |       |       |       |       |       |     1 ||     1
Invok: Heroism           |       |       |       |    15 |    43 |    45 |    42 |    45 |     8 ||   198
       Finesse           |       |       |       |     1 |    12 |    15 |    19 |     6 |     3 ||    56
       Cleansing Flame   |       |       |       |       |       |       |       |       |    61 ||    61
       Summon Divine War |       |       |       |       |       |       |       |       |    14 ||    14
       Divine Shield     |       |       |       |       |       |       |       |       |    10 ||    10
 Abil: Fly               |       |       |       |       |     2 |     5 |     4 |     4 |     2 ||    17
       Stop Flying       |       |       |       |       |     2 |     5 |     3 |     4 |     2 ||    16
       Evoke Invisibilit |       |       |       |       |       |       |       |     1 |       ||     1
Evoke: Wand              |     2 |     6 |    10 |     6 |     7 |    19 |    12 |     4 |    24 ||    90
       Miscellaneous     |       |       |       |       |       |       |       |       |     1 ||     1
  Use: Scroll            |       |    12 |     2 |    13 |    20 |    29 |     6 |    33 |    40 ||   155
       Potion            |       |     8 |     4 |     4 |    13 |    13 |     2 |     4 |    13 ||    61
 Stab: Distracted        |       |     1 |       |       |       |       |       |       |    13 ||    14
       Invisible         |       |     1 |       |       |       |       |       |     7 |       ||     8
       Sleeping          |       |       |       |       |     2 |       |       |       |       ||     2
       Petrifying        |       |       |       |       |     1 |     3 |       |       |       ||     4
       Paralysed         |       |       |       |       |       |     3 |       |       |       ||     3
       Fleeing           |       |       |       |       |       |       |       |     2 |     5 ||     7
       Confused          |       |       |       |       |       |       |       |       |     1 ||     1
       Held in net/web   |       |       |       |       |       |       |       |       |     1 ||     1
